 Dungeon Crawl Stone Soup version 0.31-a0-844-gdc52ec4e09 (webtiles) character file.

Game seed: 15668532077760206325

3042 IdlyInterested the Fighter (level 9, -4/73 (77) HPs)
             Began as a Demonspawn Gladiator on Sept 28, 2023.
             Shot with an arrow by a centaur (9 damage)
             ... on level 7 of the Dungeon.
             The game lasted 00:26:33 (6002 turns).

IdlyInterested the Fighter (Demonspawn Gladiator)   Turns: 6002, Time: 00:26:33

HP:   -4/73 (77)    AC: 17    Str: 15    XL:     9   Next: 56%
MP:   18/18         EV: 11    Int: 10    God:
Gold: 460           SH:  0    Dex: 18    Spells: 8/8 levels left

rFire   x . .        a - +0 long sword (protect)
rCold   . . .        (no shield)
rNeg    . . .        c - +2 ring mail of Truth {Rampage rElec rF- rCorr}
rPois   .            x - +4 helmet "Taokhlad" {rElec}
rElec   +            u - scarf {repulsion}
rCorr   +            m - +1 pair of gloves
SInv    .            n - +1 pair of boots
Will    .....        (no amulet) Stlth
                     i - ring of magical power
HPRegen 0.32/turn    C - ring of flight
MPRegen 0.16/turn

%: repel missiles, rampage
@: confused, mighty, flying, drained
A: ignite blood 1, powered by death 1, sharp scales 1, weakness stinger 2
a: no special abilities


You were on level 7 of the Dungeon.
You visited 2 branches of the dungeon, and saw 8 of its levels.

You collected 460 gold pieces.

Inventory:

Hand Weapons
 a - a +0 long sword of protection (weapon)
 f - a +0 falchion of flaming
Missiles
 d - 3 throwing nets
 e - a javelin
 h - 49 stones (quivered)
 q - 7 poisoned darts
 r - 3 boomerangs
 s - 2 curare-tipped darts
Armour
 c - the +2 ring mail of Truth (worn) {Rampage rElec rF- rCorr}
   (You found it on level 3 of the Dungeon)

   rF-:       It makes you vulnerable to fire.
   rElec:     It insulates you from electricity.
   rCorr:     It protects you from acid and corrosion.
   Rampage:   It bestows one free step when moving towards enemies.
 l - a +0 plate armour
 m - a +1 pair of gloves (worn)
 n - a +1 pair of boots (worn)
 u - a scarf of repulsion (worn)
 x - the +4 helmet "Taokhlad" (worn) {rElec}
   (You acquired it on level 4 of the Dungeon)

   rElec:     It insulates you from electricity.
 I - a +1 robe of positive energy
Magical Staves
 z - a staff of fire
 F - a staff of air
Jewellery
 i - a ring of magical power (left hand)
 C - a ring of flight (right hand)
Talismans
 B - a maw talisman
 D - a flux talisman
Wands
 y - a wand of mindburst (17)
Scrolls
 j - 2 scrolls of immolation
 k - a scroll of enchant armour
 v - a scroll of teleportation
 w - a scroll of fear
Potions
 b - a potion of magic {unknown}
 o - 2 potions of mutation
 p - 3 potions of brilliance
 A - a potion of haste
 G - a potion of lignification


   Skills:
 * Level 9.6 Fighting
 + Level 6.5 Long Blades
 - Level 1.7 Throwing
 - Level 2.0 Armour
 - Level 2.6 Dodging
 - Level 1.0 Stealth
 + Level 5.6 Shields
 - Level 1.0 Evocations


You had 8 spell levels left.
You didn't know any spells.
Your spell library contained the following spells:

 Spells                   Type           Power      Damage    Failure   Level
 Hailstorm                Conj/Ice       0%         3d3       91%         3
 Summon Ice Beast         Ice/Summ       0%         N/A       100%        4
 Simulacrum               Ice/Necr       0%         N/A       100%        6


Dungeon Overview and Level Annotations

Branches:
Dungeon (7/15)             Temple (1/1) D:5

Altars:
Ashenzari
Cheibriados
Dithmenos
Fedhas
Gozag
Hepliaklqana
Kikubaaqudgha
Makhleb
Nemelex Xobeh
Okawaru
Qazlal
Ru
Sif Muna
Trog
Uskayaw
Vehumet
Wu Jian
Xom
Yredelemnul

Shops:
D:1 (   D:2 [


Innate Abilities, Weirdness & Mutations

Your demonic aura sometimes causes spilled blood to erupt in flames.
You regenerate a little health from kills.
You are partially covered in razor-sharp scales. (AC +1, Slay +1)
You have a tail ending in a sharp stinger.


Message History

The wight hits you with a +0 long sword!
You slash the steam dragon!
The steam dragon is almost dead.
You are engulfed in a cloud of scalding steam.
The centaur shoots an arrow.
The arrow hits you. The wight hits you with a +0 war axe.
You feel drained. The orc hits you with a +0 dagger.
* * * LOW HITPOINT WARNING * * *
A wight comes into view. It is wielding a +0 halberd.
The centaur shoots an arrow.
The arrow hits you but does no damage.
The steam dragon barely misses you. x2; Something hits you but does no damage.
The wight closely misses you.
You barely miss the steam dragon. You tail-slap the steam dragon.
You kill the steam dragon!
You are engulfed in a cloud of scalding steam.
The centaur shoots an arrow.
The arrow hits you but does no damage. The wight hits you but does no damage.
The orc hits you but does no damage. Something hits you but does no damage.
The wight misses you.
The centaur shoots an arrow.
The arrow misses you. The wight attacks as it pursues you!
The wight hits you but does no damage.
The centaur shoots an arrow.
The arrow barely misses you.
You hear some strange, mumbled words.
You are confused.
The wight closely misses you.
The centaur shoots an arrow.
The arrow barely misses you. The wight hits you but does no damage.
The wight attacks as it pursues you! The wight hits you but does no damage.
The centaur shoots an arrow.
The arrow hits you.
* * * LOW HITPOINT WARNING * * *
The wight hits you from afar with a +0 halberd.
* * * LOW HITPOINT WARNING * * *
You feel drained.
* * * LOW HITPOINT WARNING * * *
The centaur shoots an arrow.
The arrow misses you.
The arrow hits the wight!
The wight hits you with a +0 long sword.
* * * LOW HITPOINT WARNING * * *
You feel drained.
* * * LOW HITPOINT WARNING * * *
You bump into the rock wall.
The centaur shoots an arrow.
The arrow hits you!
You die...

..............P.....#
.............P......###
...........♣...♣♣..!..
...........).))♣....#
.......##....)......#
...#...##......z..#... .
..###..#...#.o...####...
.. #...#.....zz#.......
....#....z{z@.c..#
...#...##.##.##....#
.##.......### .....
#.##.#.. ..... #....###
... #.# .. .. .


You could see a centaur, 5 wights and an orc.

Vanquished Creatures
  Pikel (D:4)
  Sigmund (D:5)
  A steam dragon (D:7)
  Duvessa (D:5)
  2 water moccasins
  A sky beast (D:7)
  A black bear (D:5)
  An ice beast (D:7)
  An orc warrior (D:6)
  An ogre (D:5)
  2 centaurs
  2 kobold brigands
  2 scorpions
  Dowan (D:5)
  4 howler monkeys
  4 hounds
  5 jellies
  7 orc priests
  3 iguanas
  A sleepcap (D:6)
  5 orc wizards
  Robin (D:3)
  8 adders
  6 gnolls
  A white imp (D:5)
  An ufetubus (D:5)
  2 worms
  13 orcs
  14 ball pythons
  2 endoplasms
  3 giant cockroaches
  17 goblins
  13 hobgoblins
  12 kobolds
  A quokka (D:4)
  7 bats
  4 frilled lizards
  4 rats
156 creatures vanquished.

Vanquished Creatures (others)
  An orc (D:7)
1 creature vanquished.

Grand Total: 157 creatures vanquished

Notes
Turn   | Place    | Note
-------+----------+-------------------------------------------
     0 | D:1      | IdlyInterested the Demonspawn Gladiator began the quest for
                  | the Orb.
     0 | D:1      | Reached XP level 1. HP: 16/16 MP: 1/1
   247 | D:1      | Gained mutation: You have a small tail. [demonic ancestry]
   247 | D:1      | Reached XP level 2. HP: 23/23 MP: 2/2
   425 | D:1      | Found Sianergh's Weapon Boutique.
   676 | D:2      | Found Obbyet's Armour Emporium.
   922 | D:2      | Reached skill level 1 in Evocations
   984 | D:2      | Reached skill level 3 in Fighting
   984 | D:2      | Gained mutation: You are partially covered in razor-sharp
                  | scales. (AC +1, Slay +1) [demonic ancestry]
   984 | D:2      | Reached XP level 3. HP: 29/29 MP: 3/3
  1245 | D:2      | Gained mutation: You regenerate a little health from kills.
                  | [demonic ancestry]
  1245 | D:2      | Reached XP level 4. HP: 33/35 MP: 4/4
  1427 | D:3      | Reached skill level 1 in Shields
  1436 | D:3      | Reached skill level 4 in Fighting
  1547 | D:3      | Noticed Robin
  1566 | D:2      | Reached XP level 5. HP: 30/42 MP: 5/5
  1666 | D:3      | Killed Robin
  1675 | D:3      | Identified the +2 ring mail of Truth {Rampage rElec rF-
                  | rCorr}
  2001 | D:3      | Reached skill level 1 in Armour
  2029 | D:3      | Found a shimmering altar of Xom.
  2030 | D:3      | Found a shimmering altar of Xom.
  2031 | D:3      | Found a shimmering altar of Xom.
  2033 | D:3      | Found a shimmering altar of Xom.
  2501 | D:4      | Identified a scroll of acquirement
  2576 | D:4      | Reached skill level 1 in Stealth
  2592 | D:4      | Gained mutation: Your demonic aura sometimes causes spilled
                  | blood to erupt in flames. [demonic ancestry]
  2592 | D:4      | Reached XP level 6. HP: 31/49 MP: 6/6
  2604 | D:4      | Acquired the +4 helmet "Taokhlad" {rElec}
  2665 | D:3      | Found a burning altar of Makhleb.
  2665 | D:3      | Found a sacrificial altar of Ru.
  2729 | D:4      | Reached skill level 5 in Fighting
  2751 | D:4      | Noticed Pikel
  2766 | D:4      | Killed Pikel
  2767 | D:4      | Reached skill level 6 in Fighting
  2767 | D:4      | Reached XP level 7. HP: 58/58 MP: 7/7
  2790 | D:4      | Found a hide-covered altar of Uskayaw.
  3437 | D:5      | Entered Level 5 of the Dungeon
  3466 | D:5      | Noticed Sigmund
  3478 | D:5      | Killed Sigmund
  3479 | D:5      | Gained mutation: You have a tail ending in a sharp stinger.
                  | [demonic ancestry]
  3479 | D:5      | Reached XP level 8. HP: 65/65 MP: 8/8
  3850 | D:5      | Found a staircase to the Ecumenical Temple.
  3854 | Temple   | Entered the Ecumenical Temple
  3869 | D:5      | Reached skill level 5 in Long Blades
  3871 | D:5      | Reached skill level 7 in Fighting
  4152 | D:5      | Noticed Dowan
  4154 | D:5      | Noticed Duvessa
  4156 | D:5      | Killed Dowan
  4161 | D:5      | Killed Duvessa
  4618 | D:6      | Reached skill level 8 in Fighting
  4757 | D:6      | Found a sparkling altar of Nemelex Xobeh.
  4779 | D:6      | Reached XP level 9. HP: 69/75 MP: 9/9
  4852 | D:6      | Reached skill level 5 in Shields
  5747 | D:7      | Reached skill level 9 in Fighting
  6002 | D:7      | Shot with an arrow by a centaur

Illustrated notes

Levels and vault maps discovered:
D:1:      amcnicky_arrival_choice, layout_basic, serial_shops,
          nicolae_shop_back_alley_shop
D:2:      layout_rooms, serial_shops, shop, nicolae_eternal_life,
          dreamdust_princess_corridor, due_unseen_surprise
D:3:      minmay_spotlight, layout_loops_ring, nicolae_overflow_hidden_temple,
          xom_redecorated, uniq_robin
D:4:      kennysheep_the_goblin_king, layout_gridville,
          nicolae_overflow_squiral, serial_forest,
          infiniplex_forest_lined_4_way, infiniplex_forest_straight_2,
          infiniplex_forest_lined_2, infiniplex_forest_end_3,
          infiniplex_forest_corner_2, infiniplex_forest_straight_1, uniq_pikel
D:5:      layout_cave_pools, temple_fountains, uniq_sigmund, uniq_duvessa
D:6:      layout_loops_ring, mainiacjoe_overflow_alcove_4
D:7:      layout_cave_pools, serial_park, serial_park_square3
          [serial_park_minivault_5x5_5], serial_park_tiny_2, serial_park_tiny_1,
          serial_park_gazebo [serial_park_minivault_5x5_1], serial_park_tiny_2
Temple:   nicolae_temple_superstar

Skill      XL: |  1  2  3  4  5  6  7  8  9 |
---------------+----------------------------+-----
Long Blades    | 3 4 5 6 |  6.5
Evocations     | 1 |  1.0
Fighting       | 3 4 6 8 9 |  9.6
Shields        | 1 3 4 5 |  5.6
Armour         | 1 2 |  2.0
Stealth        | 1 |  1.0
Throwing       | |  1.7
Dodging        | |  2.6

Action                     |  1- 3 |  4- 6 |  7- 9 || total
---------------------------+-------+-------+-------++-------
  Melee: Long sword        |    64 |   169 |   247 ||   480
         Tailslap          |     8 |    27 |    33 ||    68
         Punch             |       |     1 |     3 ||     4
  Throw: Stone             |       |     3 |     1 ||     4
         Dart              |       |     2 |       ||     2
         Boomerang         |       |     1 |       ||     1
    Use: Scroll            |       |     7 |    10 ||    17
         Potion            |       |     1 |     4 ||     5
   Stab: Sleeping          |       |     1 |     1 ||     2
         Invisible         |       |       |     2 ||     2
 Armour: Leather armour    |    19 |       |       ||    19
         Ring mail         |    18 |   220 |   261 ||   499
  Dodge: Dodged            |    38 |   163 |   195 ||   396

Table legend: (Time is in decaauts)
 A = Elapsed time spent in this place.
 B = Non-inter-level travel time spent in this place.
 C = Inter-level travel time spent in this place.
 D = Time resting spent in this place.
 E = Time spent auto-exploring this place.
 F = Levels seen in this place.
 G = Mean time per level.
                   A        B        C        D        E       F      G
               +--------+--------+--------+--------+--------+-----+--------+
         Total |   6081 |   5047 |   1034 |    612 |   2746 |   8 |  760.1 |
       Dungeon |   6080 |   5046 |   1034 |    612 |   2746 |   7 |  868.6 |
        Temple |      1 |      1 |      0 |      0 |      0 |   1 |    1.0 |
               +--------+--------+--------+--------+--------+-----+--------+

Top non-repeatable levels by time:
     D:4: 1161 daAuts
     D:3: 1056 daAuts
     D:6: 998 daAuts
     D:5: 953 daAuts
     D:2: 802 daAuts
     D:1: 792 daAuts
     D:7: 316 daAuts
  Temple: 1 daAuts
